 Dungeon Crawl Stone Soup version 0.28.0-62-gf88900778d (webtiles) character file.

Game seed: 15089907646577247531

143378 jjjjhere the Brawler (level 17, -4/93 HPs)
             Began as a Vine Stalker Wanderer on June 13, 2023.
             Was a High Priest of Okawaru.
             Slain by a 27-headed hydra skeleton (5 damage)
             ... on level 4 of the Swamp on June 20, 2023.
             The game lasted 01:10:57 (29741 turns).

jjjjhere the Brawler (Vine Stalker Wanderer)       Turns: 29741, Time: 01:10:57

Health: -4/93      AC: 21    Str: 26    XL:     17   Next: 37%
Magic:  0/35       EV: 13    Int: 15    God:    Okawaru [*****.]
Gold:   2080       SH:  9    Dex: 15    Spells: 16/16 levels left

rFire   + . .      SeeInvis .     - Unarmed
rCold   + + .      Faith    .   Y - +2 buckler {rF+}
rNeg    . . .      Spirit   +   r - +2 chain mail {rPois}
rPois   +          Reflect  .   U - +0 helmet "Sereus" {rCorr Str+2 Int+2 Dex+3}
rElec   .          Harm     .   q - +0 cloak
rCorr   +          Rampage  .   Q - +1 pair of gloves "Peinuig" {rC++}
Will    +++..                   (no boots)
Stlth   ..........              w - amulet of regeneration
HPRegen 1.85/turn               j - ring of magical power
MPRegen 0.24/turn               F - ring of willpower

@: heroic, studying Slings
A: fangs 3, regeneration 1, magic shield, antimagic bite, no potion heal 2
a: Renounce Religion, Heroism, Finesse, Duel


You were on level 4 of the Swamp.
You worshipped Okawaru.
Okawaru was extremely pleased with you.
You visited 5 branches of the dungeon, and saw 27 of its levels.
You also visited: Ossuary and Gauntlet.

You collected 2113 gold pieces.
You spent 33 gold pieces at shops.

Inventory:

Missiles
 a - 25 javelins (quivered)
 b - 9 curare-tipped darts
 K - 11 silver javelins
 M - 6 atropa-tipped darts
 P - a boomerang
 R - 5 throwing nets
Armour
 o - a +0 kite shield
 q - a +0 cloak (worn)
 r - a +2 chain mail of poison resistance (worn)
 Q - the +1 pair of gloves "Peinuig" (worn) {rC++}
   (Okawaru gifted it to you on level 1 of the Swamp)

   rC:        It greatly protects you from cold.
 U - the +0 helmet "Sereus" (worn) {rCorr Str+2 Int+2 Dex+3}
   (You found it in a Gauntlet)

   Str:       It affects your strength (+2).
   Int:       It affects your intelligence (+2).
   Dex:       It affects your dexterity (+3).
   rCorr:     It protects you from acid and corrosion.
 Y - a +2 buckler of fire resistance (worn)
Jewellery
 j - a ring of magical power (left hand)
 l - a ring of positive energy
 u - the ring of Deghua {Wiz rPois Str+2 Int+2}
   (You took it off a minotaur in a Gauntlet)

   [ring of wizardry]

   It improves your spell success rate.
   Str:       It affects your strength (+2).
   Int:       It affects your intelligence (+2).
   rPois:     It protects you from poison.
 w - an amulet of regeneration (around neck)
 F - a ring of willpower (right hand)
 J - a ring of see invisible
 T - the ring "Luciobba" {*Corrode rN+ Int+10 Dex+6 Stlth+}
   (You found it in a Gauntlet)

   [ring of dexterity]

   Int:       It affects your intelligence (+10).
   Dex:       It affects your dexterity (+6).
   rN:        It protects you from negative energy.
   *Corrode:  It may corrode you when you take damage.
   Stlth:     It makes you more stealthy.
 V - the ring of the Morning {Fire rCorr Dex+5 Stlth+}
   (You found it in a Gauntlet)

   [ring of fire]

   It enhances your fire magic.
   Dex:       It affects your dexterity (+5).
   rF:        It protects you from fire.
   rC:        It makes you vulnerable to cold.
   rCorr:     It protects you from acid and corrosion.
   Stlth:     It makes you more stealthy.
Wands
 k - a wand of polymorph (14)
 x - a wand of iceblast (2)
 B - a wand of digging (11)
 C - a wand of mindburst (44)
 I - a wand of flame (23)
 W - a wand of paralysis (5)
 X - a wand of acid (12)
Scrolls
 c - 3 scrolls of fog
 h - 6 scrolls of magic mapping
 p - 12 scrolls of enchant weapon
 s - 2 scrolls of holy word
 v - 2 scrolls of silence
 y - 4 scrolls of fear
 z - 2 scrolls of enchant armour
 H - a scroll of blinking
 N - 3 scrolls of teleportation
 O - 3 scrolls of amnesia
 Z - 5 scrolls of identify
Potions
 d - 4 potions of brilliance
 e - 3 potions of mutation
 f - 12 potions of curing
 g - 4 potions of might
 i - 2 potions of haste
 m - 3 potions of attraction
 n - 3 potions of resistance
 t - 2 potions of magic
 A - a potion of invisibility
 D - 2 potions of ambrosia
 E - 5 potions of berserk rage
 G - 6 potions of cancellation
 S - 4 potions of flight
Miscellaneous
 L - a condenser vane (inert)


   Skills:
 - Level 12.0(17.0) Fighting
 + Level 9.4(14.4) Throwing
 - Level 10.3(15.3) Armour
 - Level 3.8(8.8) Dodging
 + Level 6.3(11.3) Shields
 - Level 18.4(23.4) Unarmed Combat
 - Level 11.6 Invocations
 - Level 6.7 Evocations


You had 16 spell levels left.
You didn't know any spells.
Your spell library contained the following spells:

 Spells                   Type           Power      Damage    Failure   Level
 Beastly Appendage        Tmut           0%         N/A       77%         1
 Freeze                   Ice            0%         1d3       77%         1
 Pain                     Necr           0%         1d4       77%         1
 Blink                    Tloc           0%         N/A       88%         2
 Ensorcelled Hibernation  Hex/Ice        0%         N/A       88%         2
 Wereblood                Tmut           0%         N/A       88%         2
 Frozen Ramparts          Ice            0%         1d2       98%         3
 Gell's Gravitas          Tloc           0%         N/A       98%         3
 Lesser Beckoning         Tloc           0%         N/A       98%         3
 Portal Projectile        Hex/Tloc       0%         N/A       98%         3
 Spider Form              Tmut/Pois      0%         N/A       98%         3
 Teleport Other           Tloc           0%         N/A       98%         3
 Vampiric Draining        Necr           0%         2d6       98%         3
 Anguish                  Hex/Necr       0%         N/A       100%        4
 Hailstorm                Conj/Ice       0%         3d3       100%        4
 Leda's Liquefaction      Hex/Erth       0%         N/A       100%        4
 Passage of Golubria      Tloc           0%         N/A       100%        4
 Alistair's Intoxication  Tmut/Pois      0%         N/A       100%        5
 Borgnjor's Vile Clutch   Necr/Erth      0%         N/A       100%        5
 Freezing Cloud           Conj/Ice/Air   0%         6-21      100%        5
 Manifold Assault         Tloc           0%         N/A       100%        5
 Yara's Violent Unravell  Hex/Tmut       0%         3d3       100%        5
 Dispersal                Tloc           0%         N/A       100%        6
 Eringya's Noxious Bog    Tmut/Pois      0%         N/A       100%        6
 Polar Vortex             Ice            0%         N/A       100%        9
 Animate Skeleton         Necr           Unusable   N/A       N/A         1
 Call Canine Familiar     Summ           Unusable   N/A       N/A         3
 Tukima's Dance           Hex            Unusable   N/A       N/A         3
 Simulacrum               Ice/Necr       Unusable   N/A       N/A         6

Dungeon Overview and Level Annotations

Branches:
Dungeon (14/15)            Temple (1/1) D:6            Lair (6/6) D:11
  Swamp (4/4) Lair:2       Spider (0/4) Lair:4        Slime (0/5) Lair:6
    Orc (2/2) D:10            Elf (0/3) Orc:2        Vaults (0/5) D:14
Ossuary (visited)         Gauntlet (visited)

Altars:
Ashenzari
Cheibriados
Dithmenos
Elyvilon
Fedhas
Kikubaaqudgha
Makhleb
Okawaru
Qazlal
Ru
Sif Muna
Trog
Wu Jian
Xom
Yredelemnul
Zin
Beogh
Jiyva

Shops:
D:5 *   D:8 =   D:13 (   Orc:2 :?(?

Annotations:
D:12 3 runed translucent doors, Coron's ghost, journeyman DDWn; cbfl8's ghost, journeyman MiBe; infinitevox's ghost, journeyman DsWn; sigtrap's ghost, journeyman FoFi
Lair:6 1 runed translucent door
Orc:1 Maurice


Innate Abilities, Weirdness & Mutations

You have razor-sharp teeth.
Your natural rate of healing is unusually fast.
When hurt, damage is shared between your health and your magic reserves.
Your bite disrupts and absorbs the magic of your enemies.
Potions cannot restore your health.


Message History

The 27-headed hydra skeleton bites you but does no damage.
The 27-headed hydra skeleton completely misses you.
You block the 27-headed hydra skeleton's attack.
The 27-headed hydra skeleton bites you but does no damage. x3
The 27-headed hydra skeleton barely misses you.
The 27-headed hydra skeleton bites you but does no damage.
You block the 27-headed hydra skeleton's attack.
The 27-headed hydra skeleton completely misses you.
The 27-headed hydra skeleton closely misses you.
The 27-headed hydra skeleton bites you but does no damage.
You completely miss the 27-headed hydra skeleton.
The 27-headed hydra skeleton is heavily damaged.
You hit the 27-headed hydra skeleton. You bite the 27-headed hydra skeleton.
You drain its power.
You feel invigorated.
The 27-headed hydra skeleton is heavily damaged.
The 27-headed hydra skeleton bites you but does no damage. x2
The 27-headed hydra skeleton barely misses you. x2
The 27-headed hydra skeleton bites you.
* * * LOW HITPOINT WARNING * * *
The 27-headed hydra skeleton bites you!
* * * LOW HITPOINT WARNING * * *
The 27-headed hydra skeleton bites you but does no damage.
You block the 27-headed hydra skeleton's attack.
The 27-headed hydra skeleton bites you but does no damage. x2
The 27-headed hydra skeleton barely misses you.
The 27-headed hydra skeleton bites you.
The 27-headed hydra skeleton bites you but does no damage.
The 27-headed hydra skeleton closely misses you.
The 27-headed hydra skeleton completely misses you.
You block the 27-headed hydra skeleton's attack.
The 27-headed hydra skeleton bites you but does no damage. x3
The 27-headed hydra skeleton bites you.
* * * LOW HITPOINT WARNING * * *
You block the 27-headed hydra skeleton's attack.
The 27-headed hydra skeleton closely misses you.
You block the 27-headed hydra skeleton's attack.
The 27-headed hydra skeleton barely misses you.
The 27-headed hydra skeleton bites you but does no damage.
The 27-headed hydra skeleton bites you.
You die...

##≈≈≈≈≈○Z○♣ ♣..♣≈≈≈.#≈.≈#
###≈≈≈≈≈≈D○x♣ ≈.≈≈≈≈≈.≈..
#≈≈≈≈.≈≈≈≈○kZ ♣.§≈≈≈...≈
♣#....≈≈≈≈≈≈.♣ #....≈./
##..♣♣≈≈§≈§≈..♣ #≈.≈..
##≈≈.♣♣≈≈≈≈≈≈.♣♣ #..≈≈
#≈≈.♣♣♣♣.≈..≈≈.♣ ♣
#.≈##♣♣♣....§≈♣♣♣.≈≈≈≈≈
♣♣≈♣#♣...#Z@♣♣≈≈§≈...♣.≈≈≈≈.
♣[≈≈≈≈.....≈.≈≈≈≈.≈≈≈.≈≈.≈≈.
≈≈≈≈≈....≈..≈.≈≈≈≈≈≈≈....≈≈♣
♣...≈≈♣♣.....≈.≈≈≈..!......♣
♣♣♣♣♣♣≈.♣♣(≈≈♣♣≈...≈≈.♣≈≈..≈
♣♣♣.≈≈♣≈≈.♣♣♣♣≈.≈≈≈^<..≈≈
♣≈≈≈≈≈..≈≈.§♣♣♣.≈≈...♣♣..
♣♣♣♣.≈≈≈≈≈≈§≈.≈≈§.≈≈§≈..♣≈..
♣....§≈≈≈≈.≈≈≈≈≈♣≈≈≈≈≈≈≈≈≈≈≈


You could see a 27-headed hydra skeleton.

Vanquished Creatures
  Nikola (Swamp:4)
  Jorgrun (Arena)
  Mlioglotl (Swamp:2)
  4 thorn hunters
  A fenstrider witch (Swamp:3)
  Louise (Swamp:4)
  11 eleionomae
  2 vampire knights (Swamp:4)
  5 bunyips
  A minotaur (Gauntlet)
  An ettin (Orc:2)
  8 vault guards (D:14)
  19 hydras
  Harold (Lair:1)
  3 boulder beetles
  A spriggan air mage (Lair:2)
  Erica (Lair:1)
  11 death yaks
  3 centaur warriors
  4 two-headed ogres
  6 alligators
  Urug (Orc:2)
  7 orc high priests
  Nergalle (Lair:1)
  3 goliath frogs
  11 swamp dragons
  2 glowing orange brains (Gauntlet)
  2 spriggan druids (Swamp:4)
  2 spectral hydras (Swamp:4)
  A necromancer (Gauntlet)
  A phantasmal warrior (Swamp:3)
  A wizard (D:12)
  7 deep elf zephyrmancers (D:13)
  3 ugly things
  4 deep elf pyromancers
  2 manticores
  3 will-o-the-wisps
  An orc sorcerer (Orc:2)
  6 cyclopes
  A centaur zombie (D:10)
  3 elephants (Lair:2)
  5 black mambas
  Maggie (D:8)
  28 cane toads
  A torpor snail (Lair:6)
  2 unseen horrors (D:12)
  9 komodo dragons
  A kobold demonologist (D:12)
  2 efreet (D:14)
  2 freezing wraiths
  2 rime drakes
  A hydra zombie (Swamp:4)
  9 trolls
  2 death drake zombies (Swamp:4)
  2 polar bears
  7 tyrant leeches
  A bloated husk (Swamp:1)
  7 hornets
  A hornet (shapeshifter) (D:14)
  30 blink frogs
  2 hydra skeletons (Swamp:4)
  14 slime creatures
  A death drake skeleton (Swamp:4)
  3 vampires
  7 spriggans
  A shadow (D:9)
  2 wraiths
  3 wyverns
  4 basilisks
  54 yaks
  13 vampire mosquitoes
  An acid dragon (D:9)
  20 swamp worms
  5 wargs
  14 water moccasins
  4 hydra simulacra (Swamp:4)
  10 orc warriors
  2 black bears
  2 ice beasts
  3 swamp drakes
  2 sky beasts (D:8)
  4 boggarts (Lair:6)
  A necrophage (D:6)
  2 swamp dragon zombies (Swamp:4)
  2 ogres
  24 wolves
  A phantom (D:6)
  9 centaurs
  4 kobold brigands
  A gnoll sergeant (D:8)
  16 bullfrogs
  3 scorpions
  6 killer bees (D:8)
  A water moccasin skeleton (D:5)
  6 wights
  2 electric eels
  10 howler monkeys
  A lava snake (D:13)
  A vampire bat (D:5)
  2 bullfrog zombies (D:6)
  A jelly (D:6)
  30 orc priests
  7 hounds
  3 human zombies (Ossuary)
  3 iron imps (D:5)
  3 iguanas
  10 orc wizards
  2 hound zombies (Ossuary)
  A hound skeleton (D:4)
  A howler monkey zombie (D:9)
  4 mummies (Ossuary)
  11 gnolls
  A howler monkey skeleton (D:7)
  6 adders
  2 adder skeletons (D:4)
  A worm (D:2)
  2 dart slugs (D:4)
  75 orcs
  9 ball pythons
  4 bat zombies (D:5)
  4 endoplasms
  A giant cockroach (D:2)
  2 gnoll zombies (Ossuary)
  5 goblins
  8 hobgoblins
  2 jackals (D:2)
  2 quokkas (D:2)
  4 bats
  A frilled lizard (D:2)
  A hobgoblin zombie (Ossuary)
  3 jackal zombies (Ossuary)
  13 kobolds
  3 rats
  A rat zombie (Ossuary)
  2 briar patches (Swamp:2)
752 creatures vanquished.

Vanquished Creatures (others)
  A deep elf pyromancer (D:13)
  A swamp drake (Swamp:1)
  An orc (Orc:1)
  4 kobolds (D:11)
  3 briar patches (Swamp:4)
  6 foxfires
  53 fungi
  156 plants
225 creatures vanquished.

Grand Total: 977 creatures vanquished

Notes
Turn   | Place    | Note
-------+----------+-------------------------------------------
     0 | D:1      | jjjjhere the Vine Stalker Wanderer began the quest for the
                  | Orb.
     0 | D:1      | jjjjhere set off with the following items: a +3 dagger, 3
                  | curare-tipped darts, a scroll of fog, a +0 leather armour
     0 | D:1      | Reached XP level 1. HP: 10/10 MP: 2/2
   196 | D:1      | Reached XP level 2. HP: 11/14 MP: 3/3
   674 | D:1      | You fall into a shaft and drop 1 floor!
   900 | D:2      | Reached skill level 3 in Unarmed Combat
   900 | D:2      | Reached XP level 3. HP: 8/18 MP: 4/4
  1418 | D:1      | Found a faded altar of an unknown god.
  2075 | D:2      | Gained mutation: Your natural rate of healing is unusually
                  | fast. [Vine Stalker growth]
  2075 | D:2      | Reached XP level 4. HP: 16/23 MP: 5/5
  2624 | D:3      | Reached skill level 4 in Unarmed Combat
  2837 | D:3      | Found a stormy altar of Qazlal.
  2947 | D:3      | Reached XP level 5. HP: 22/27 MP: 6/6
  3336 | D:4      | Reached XP level 6. HP: 26/32 MP: 7/7
  3338 | D:4      | Reached skill level 5 in Unarmed Combat
  3760 | D:5      | Entered Level 5 of the Dungeon
  3950 | D:5      | Found an ancient bone altar of Kikubaaqudgha.
  3962 | D:5      | Reached skill level 6 in Unarmed Combat
  3962 | D:5      | Reached XP level 7. HP: 37/37 MP: 8/8
  4122 | D:5      | Found a burning altar of Makhleb.
  4324 | D:5      | Found Peoro's Elemental Accessories.
  4363 | D:5      | Identified the +4 robe of Tenacity {Rampage rF+}
  4605 | D:6      | Reached skill level 7 in Unarmed Combat
  4656 | D:6      | Found a staircase to the Ecumenical Temple.
  4678 | D:6      | Gained mutation: You have razor-sharp teeth. [Vine Stalker
                  | growth]
  4678 | D:6      | Reached XP level 8. HP: 40/42 MP: 9/9
  4865 | Temple   | Entered the Ecumenical Temple
  4896 | Temple   | Became a worshipper of Warmaster Okawaru
  5005 | D:6      | Reached skill level 8 in Unarmed Combat
  6004 | D:7      | Found a sand-covered staircase.
  6009 | Ossuary  | Entered an ossuary
  6150 | Ossuary  | Reached skill level 9 in Unarmed Combat
  6342 | D:7      | Found the +4 robe of Augmentation {Str+4 Int+4 Dex+4}
  6513 | D:7      | Found a shimmering altar of Xom.
  6513 | D:7      | Found a shadowy altar of Dithmenos.
  6655 | D:8      | Reached XP level 9. HP: 45/46 MP: 10/10
  6734 | D:8      | Noticed a deep elf pyromancer
  6962 | D:8      | Noticed Maggie
  7054 | D:8      | Killed Maggie
  7054 | D:8      | Reached * piety under Okawaru
  7141 | D:8      | Reached skill level 10 in Unarmed Combat
  7260 | D:8      | Reached skill level 1 in Invocations
  7260 | D:8      | Noticed a two-headed ogre
  7318 | D:8      | Reached ** piety under Okawaru
  7344 | D:8      | Reached skill level 11 in Unarmed Combat
  7348 | D:8      | HP: 14/46 [centaur/puff of flame (3)]
  7555 | D:8      | Killed a deep elf pyromancer
  7556 | D:8      | Reached XP level 10. HP: 51/51 MP: 13/13
  7614 | D:8      | Killed a two-headed ogre
  7614 | D:8      | Reached *** piety under Okawaru
  7813 | D:8      | Found Fumnucses's Jewellery Emporium.
  8230 | D:9      | Reached skill level 12 in Unarmed Combat
  8330 | D:9      | Noticed a two-headed ogre
  8358 | D:9      | Killed a two-headed ogre
  8358 | D:9      | Received a gift from Okawaru
  8484 | D:9      | Reached skill level 5 in Invocations
  8650 | D:9      | Reached **** piety under Okawaru
  8755 | D:10     | Entered Level 10 of the Dungeon
  8787 | D:10     | Reached skill level 13 in Unarmed Combat
  8843 | D:10     | Noticed a two-headed ogre
  8864 | D:10     | Noticed a two-headed ogre
  8892 | D:9      | Killed a two-headed ogre
  8893 | D:9      | Reached XP level 11. HP: 37/54 MP: 16/16
  8976 | D:10     | Killed a two-headed ogre
  8977 | D:10     | Reached skill level 5 in Armour
  9031 | D:10     | HP: 14/54 [acid dragon/splash of acid (12)]
  9036 | D:10     | HP: 9/54 [acid dragon/splash of acid (8)]
  9439 | D:9      | HP: 15/54 [yak (7)]
  9556 | D:10     | Reached skill level 1 in Dodging
  9641 | D:10     | Found a glowing silver altar of Zin.
  9888 | D:10     | Found a staircase to the Orcish Mines.
 10062 | D:11     | Noticed a cyclops
 10068 | D:11     | Killed a cyclops
 10174 | D:11     | Reached ***** piety under Okawaru
 10202 | D:11     | Noticed a white ugly thing
 10224 | D:11     | HP: 14/54 [white ugly thing (14)]
 10242 | D:11     | Killed a white ugly thing
 10484 | D:11     | Noticed a cyclops
 10500 | D:11     | Noticed a cyclops
 10501 | D:11     | Killed a cyclops
 10507 | D:11     | Killed a cyclops
 10679 | D:11     | Found a staircase to the Lair.
 10882 | D:11     | Noticed a manticore
 10898 | D:11     | Killed a manticore
 11273 | Lair:1   | Entered Level 1 of the Lair of Beasts
 11483 | Lair:1   | Reached skill level 5 in Fighting
 11600 | Lair:1   | Reached XP level 12. HP: 58/60 MP: 19/19
 11727 | Lair:1   | Noticed Harold
 11738 | Lair:1   | Killed Harold
 11778 | Lair:1   | Noticed Nergalle
 11800 | Lair:1   | Killed Nergalle
 11800 | Lair:1   | Reached ****** piety under Okawaru
 12022 | Lair:1   | Noticed Erica
 12309 | Lair:1   | Killed Erica
 12309 | Lair:1   | Identified the +10 arbalest "Omeekh" {freeze, rC+ Int+4
                  | Dex+2} (Okawaru gifted it to you on level 1 of the Lair of
                  | Beasts)
 12309 | Lair:1   | Received a gift from Okawaru
 12721 | Lair:2   | Reached skill level 10 in Invocations
 13629 | Lair:2   | Reached XP level 13. HP: 48/69 MP: 11/22
 13774 | Lair:2   | Found a staircase to the Swamp.
 14125 | Lair:3   | Received a gift from Okawaru
 14496 | Lair:3   | Received a gift from Okawaru
 14953 | Lair:4   | Found a gate leading to a gauntlet.
 14984 | Gauntlet | Entered a Gauntlet
 14984 | Gauntlet | Found a transporter.
 14984 | Gauntlet | Found a transporter.
 15073 | Gauntlet | Found a transporter.
 15074 | Gauntlet | Found a transporter.
 15089 | Gauntlet | Found a transporter.
 15100 | Gauntlet | Found a transporter.
 15101 | Gauntlet | Found a transporter.
 15106 | Gauntlet | Noticed a blizzard demon
 15109 | Gauntlet | Found a transporter.
 15125 | Gauntlet | Found a transporter.
 15139 | Gauntlet | Found a transporter.
 15143 | Gauntlet | Found a transporter.
 15151 | Gauntlet | Found a transporter.
 15314 | Gauntlet | Reached skill level 14 in Unarmed Combat
 15337 | Gauntlet | Identified the ring "Luciobba" {*Corrode rN+ Int+10 Dex+6
                  | Stlth+}
 15413 | Gauntlet | Reached skill level 10 in Fighting
 15422 | Gauntlet | Identified the +0 helmet "Sereus" {rCorr Str+2 Int+2 Dex+3}
 15468 | Gauntlet | Identified the ring of Deghua {Wiz rPois Str+2 Int+2}
 15468 | Gauntlet | Noticed a minotaur
 15477 | Gauntlet | Killed a minotaur
 15500 | Gauntlet | Identified the +1 robe of Ijiut {Contam rPois Will+ Int+6}
 15504 | Gauntlet | Identified the ring of the Morning {Fire rCorr Dex+5
                  | Stlth+}
 15643 | Lair:4   | Found a hole to the Spider Nest.
 15671 | Lair:4   | Reached skill level 1 in Shields
 15839 | Lair:4   | Received a gift from Okawaru
 17142 | Lair:5   | Reached skill level 5 in Shields
 17142 | Lair:5   | Reached XP level 14. HP: 64/77 MP: 23/23
 17175 | Lair:5   | Received a gift from Okawaru
 17410 | Lair:5   | HP: 15/77 [death yak (16)]
 17471 | Lair:5   | Reached skill level 15 in Unarmed Combat
 18121 | Lair:6   | Entered Level 6 of the Lair of Beasts
 18175 | Lair:6   | Identified the +1 ring mail "Jutt" {rC+ Will+}
 18685 | Lair:6   | Identified the +0 pair of gloves "Utinadoc" {rF+++ Str-3
                  | Int-5 Stlth+} (Okawaru gifted it to you on level 6 of the
                  | Lair of Beasts)
 18685 | Lair:6   | Received a gift from Okawaru
 19367 | Lair:6   | Reached skill level 16 in Unarmed Combat
 19604 | Lair:6   | Found a runed translucent door.
 19604 | Lair:6   | Found a viscous altar of Jiyva.
 19605 | Lair:6   | Found a staircase to the Slime Pits.
 19897 | Lair:6   | Found the +3 Mad Mage's Maulers {Infuse+∞ RegenMP Int-3}
 20078 | Lair:5   | Reached XP level 15. HP: 75/81 MP: 24/24
 20441 | D:12     | Reached skill level 5 in Throwing
 20561 | D:12     | Found a runed translucent gate.
 20561 | D:12     | Found a runed translucent gate.
 20561 | D:12     | Found a runed translucent gate.
 20561 | D:12     | Noticed infinitevox's ghost (journeyman DsWn)
 20561 | D:12     | Noticed sigtrap's ghost (journeyman FoFi)
 20562 | D:12     | Noticed cbfl8's ghost (journeyman MiBe)
 20563 | D:12     | Noticed Coron's ghost (journeyman DDWn)
 20641 | D:12     | Received a gift from Okawaru
 21520 | Orc:1    | Entered Level 1 of the Orcish Mines
 21520 | Orc:1    | Noticed Jorgrun
 21658 | Arena    | Entered the Arena
 21667 | Arena    | Killed Jorgrun
 21893 | Orc:2    | Entered Level 2 of the Orcish Mines
 21956 | Orc:2    | Noticed Urug
 21967 | Orc:2    | HP: 18/82 [Urug/+6 glaive of freezing (13)]
 21970 | Orc:2    | Killed Urug
 22480 | Orc:2    | Found Uwnor's Book Emporium.
 22480 | Orc:2    | Found Plog's Magic Scroll Shop.
 22534 | Orc:2    | Bought a scroll of teleportation for 33 gold pieces
 22681 | Orc:2    | Found a staircase to the Elven Halls.
 22831 | Orc:2    | Found Ackawu's Antique Weapon Emporium.
 22831 | Orc:2    | Found Miasis's Magic Scroll Shop.
 22917 | Orc:2    | Found an iron altar of Okawaru.
 23123 | Orc:1    | Noticed Maurice
 23123 | Orc:1    | Noticed an orc warlord
 23648 | D:13     | Found Areas's Antique Weapon Shoppe.
 23720 | D:13     | Received a gift from Okawaru
 23887 | D:13     | HP: 27/83 [deep elf zephyrmancer/bolt of lightning (23)]
 23887 | D:13     | HP: 3/83 [deep elf zephyrmancer/bolt of lightning (24)]
 23893 | D:13     | HP: 7/83 [centaur warrior (7)]
 24433 | D:13     | Received a gift from Okawaru
 24433 | D:13     | Found the +3 pair of seven-league boots {Rampage+∞}
 25299 | D:14     | Reached XP level 16. HP: 54/88 MP: 20/25
 25411 | D:14     | Found a bloodstained altar of Trog.
 25618 | D:14     | Reached skill level 10 in Armour
 25776 | D:14     | Found a gate to the Vaults.
 26024 | Swamp:1  | Entered Level 1 of the Swamp
 26496 | Swamp:1  | Identified the +1 pair of gloves "Peinuig" {rC++} (Okawaru
                  | gifted it to you on level 1 of the Swamp)
 26496 | Swamp:1  | Received a gift from Okawaru
 26692 | Swamp:2  | Noticed a thorn hunter
 26692 | Swamp:2  | You fall into a shaft and drop 1 floor!
 26725 | Swamp:3  | Noticed a fenstrider witch
 26740 | Swamp:3  | Paralysed by a fenstrider witch for 5 turns
 26749 | Swamp:3  | Killed a fenstrider witch
 26750 | Swamp:3  | HP: 29/88 [swamp worm (12)]
 26924 | Swamp:3  | Noticed a thorn hunter
 26938 | Swamp:3  | Killed a thorn hunter
 27178 | Swamp:2  | Reached skill level 17 in Unarmed Combat
 27207 | Swamp:2  | Noticed Mlioglotl
 27227 | Swamp:2  | Killed Mlioglotl
 27360 | Swamp:2  | Killed a thorn hunter
 27474 | Swamp:2  | Reached skill level 5 in Evocations
 28062 | Swamp:3  | Received a gift from Okawaru
 28323 | Swamp:4  | Entered Level 4 of the Swamp
 28336 | Swamp:4  | HP: 22/88 [bunyip (12)]
 28337 | Arena    | Entered the Arena
 28343 | Arena    | HP: 17/88 [swamp dragon[a spriggan druid] (4)]
 28364 | Arena    | Entered the Arena
 28450 | Swamp:4  | Noticed a thorn hunter
 28456 | Swamp:4  | Killed a thorn hunter
 28456 | Swamp:4  | Received a gift from Okawaru
 28531 | Swamp:4  | Noticed a thorn hunter
 28561 | Swamp:3  | Killed a thorn hunter
 28561 | Swamp:3  | Received a gift from Okawaru
 28562 | Swamp:3  | Reached XP level 17. HP: 57/93 MP: 26/26
 28672 | Swamp:4  | Noticed Nikola
 28683 | Swamp:4  | Killed Nikola
 28683 | Swamp:4  | Identified the +0 hand crossbow of Greatest Utility {elec,
                  | Stlth+} (Okawaru gifted it to you on level 4 of the Swamp)
 28683 | Swamp:4  | Received a gift from Okawaru
 28684 | Swamp:4  | Reached skill level 18 in Unarmed Combat
 29118 | Swamp:4  | HP: 29/93 [eight-headed hydra[a spriggan druid] (5)]
 29119 | Swamp:4  | HP: 6/93 [eight-headed hydra[a spriggan druid] (10)]
 29124 | Swamp:4  | HP: 8/93 [death drake zombie (4)]
 29126 | Arena    | Entered the Arena
 29130 | Arena    | HP: 13/93 [eleionoma/spray of wooden splinters (4)]
 29206 | Swamp:4  | HP: 26/93 [something (8)]
 29303 | Swamp:4  | HP: 30/93 [seven-headed hydra zombie (6)]
 29528 | Swamp:4  | Received a gift from Okawaru
 29554 | Swamp:4  | Paralysed by a vampire knight for 4 turns
 29606 | Swamp:4  | Noticed Louise
 29628 | Swamp:4  | Killed Louise
 29729 | Swamp:4  | HP: 30/93 [27-headed hydra skeleton (6)]
 29737 | Swamp:4  | HP: 28/93 [27-headed hydra skeleton (6)]
 29739 | Swamp:4  | HP: 13/93 [27-headed hydra skeleton (5)]
 29741 | Swamp:4  | HP: 2/93 [27-headed hydra skeleton (5)]
 29741 | Swamp:4  | Slain by a 27-headed hydra skeleton

Illustrated notes

Levels and vault maps discovered:
D:1:      wander_arrival_estate, layout_basic,
          dilly_ecumenical_altar_fadedgnrine
D:2:      layout_loops_corners
D:3:      layout_basic, lemuel_doored_altar
D:4:      layout_basic, kennysheep_path_1
D:5:      layout_basic, kennysheep_vampire_church, demons_altar,
          nicolae_elemental_shop, sigmund_army
D:6:      layout_basic, temple_pool_b
D:7:      layout_rooms, gammafunk_temple_overflow_elements,
          nicolae_ossuary_entry_plus, chequers_hall_statues_y
D:8:      layout_loops_ring, minmay_shop_enchanted_jewellery,
          minmay_manual_mail, uniq_maggie
D:9:      layout_basic
D:10:     layout_rooms, lemuel_tele_altar, minmay_orc_entry_temple_small
D:11:     layout_basic, erik_lair_island, lemuel_flamethrower_1
D:12:     layout_loops_ring, gammafunk_ghost_cemetery, roderic_st_hans_cross,
          serial_park_tiny_pond, minmay_librarian
D:13:     layout_loops_ring, serial_shops, nicolae_take_the_stairs,
          kennysheep_small_spiral, elves_outpost_lemuel
D:14:     layout_roguey, erik_vaults_2, trog_three_pillars_becter,
          nicolae_straight_to_the_point
Temple:   eino_temple_rhombus
Lair:1:   layout_chaotic_city, evilmike_ambush [evilmike_ambush_outer_basic,
          evilmike_ambush_inner_basic], uniq_nergalle, uniq_harold, uniq_erica
Lair:2:   layout_chaotic_city, palyth_hydra_swamp_entry, st_stairs_11
Lair:3:   layout_small_grid, minivault_26, chequers_serial_rivers_small_b,
          grunt_megastairs_3, serial_bayou_shore_b
Lair:4:   layout_regular_city, dummy_spider_entry, gauntlet_entry_generic,
          grunt_megastairs_5
Lair:5:   wad_woods_structure_01, layout_regular_city, serial_bayou_crossing
Lair:6:   minmay_lair_end_frog_pond, layout_long_grid, slime_altar_2,
          kilobyte_rumbling_trees
Swamp:1:  layout_basic_swamp, infiniplex_staircase_pool
Swamp:2:  layout_falls_marsh, serial_swamp_ruin, evilmike_swamp_ruin_house_5,
          evilmike_swamp_ruin_house_1, evilmike_swamp_ruin_house_6,
          uniq_mlioglotl
Swamp:3:  layout_falls_marsh, evilmike_swamp_ruin_rubble_2,
          infiniplex_staircase_pool_2
Swamp:4:  byrel_swamp_growth_death_and_undeath, layout_basic_swamp, uniq_nikola,
          uniq_louise
Orc:1:    layout_caves, basic_altar, uniq_maurice, uniq_josephine, uniq_jorgrun
Orc:2:    st_orc_town, layout_caves, okawaru_metal_pillars_3, uniq_urug

Skill      XL: |  1  2  3  4  5  6  7  8  9 10 11 12 13 14 15 16 17 |
---------------+----------------------------------------------------+-----
Unarmed Combat | 3 4 6 7 9 11 13 14 16 17 18 | 18.4
Fighting       | 2 3 4 5 8 10 12 | 12.0
Armour         | 3 4 5 7 9 10 | 10.3
Invocations    | 3 5 8 10 11 | 11.6
Dodging        | 3 |  3.8
Evocations     | 4 6 |  6.7
Shields        | 5 6 |  6.3
Throwing       | 4 7 8 9 |  9.4

Action                   |  1- 3 |  4- 6 |  7- 9 | 10-12 | 13-15 | 16-18 || total
-------------------------+-------+-------+-------+-------+-------+-------++-------
Melee: Dagger            |   115 |   171 |    78 |       |       |       ||   364
       Bite              |    16 |    51 |   125 |   167 |   515 |   249 ||  1123
       Punch             |     2 |     6 |    18 |    59 |    17 |       ||   102
       Unarmed           |       |       |   317 |   524 |  1325 |   574 ||  2740
Throw: Dart              |     3 |       |     6 |    22 |     3 |       ||    34
       Boomerang         |       |       |       |       |    20 |    82 ||   102
       Javelin           |       |       |       |       |       |    10 ||    10
Invok: Heroism           |       |       |       |     9 |    16 |    16 ||    41
       Finesse           |       |       |       |       |     3 |     3 ||     6
       Duel              |       |       |       |       |     1 |     3 ||     4
Evoke: Condenser vane    |       |       |       |       |     1 |     2 ||     3
  Use: Scroll            |       |       |    12 |     9 |    12 |     6 ||    39
       Potion            |       |       |       |     1 |       |       ||     1
Armor: Leather armour    |     4 |       |       |       |       |       ||     4
       Scale mail        |     1 |       |       |       |       |       ||     1
       Chain mail        |    68 |    95 |   321 |   210 |   511 |   390 ||  1595
Dodge: Dodged            |    38 |    44 |   186 |   184 |   440 |   259 ||  1151
Block: Buckler           |       |       |       |       |   421 |   238 ||   659
